 Dungeon Crawl Stone Soup version 0.27-a0-972-gd1521fd518 (webtiles) character file.

Game seed: 5934854541063326202

7470 kae the Martial Artist (level 10, -11/109 HPs)
             Began as a Pale Draconian Transmuter on Apr 13, 2021.
             Was a Follower of Ru.
             Shot with an arrow by a centaur warrior (28 damage)
             ... on level 9 of the Dungeon.
             The game lasted 00:09:05 (12993 turns).

kae the Martial Artist (Pale Draconian Transmuter) Turns: 12993, Time: 00:09:06

Health: -11/109    AC:  8    Str: 18    XL:     10   Next: 94%
Magic:  13/18      EV:  9    Int: 17    God:    Ru [*.....]
Gold:   335        SH:  5    Dex: 12    Spells: 7/20 levels left

rFire    + . .     SeeInvis .     - Unarmed
rCold    . . .     Faith    .   (shield currently unavailable)
rNeg     . . .     Spirit   .   (armour unavailable)
rPois    +         Reflect  +   (helmet currently unavailable)
rElec    .         Harm     .   (cloak currently unavailable)
rCorr    .         Rampage  .   (gloves currently unavailable)
Will     .....     Clarity  +   (boots currently unavailable)
Stlth    +.........             q - amulet of reflection
HPRegen  0.28/turn              e - +6 ring of strength
MPRegen  0.16/turn              c - ring of protection from fire

@: hydra-form
A: fast swimmer, devour, amphibious, boosted hp, (breathe steam), AC +7, very
large, unfitting armour, (cold-blooded), hated by all, (steam resistance),
clarity, wild magic 1
a: End Transformation, Renounce Religion


You were on level 9 of the Dungeon.
You worshipped Ru.
Ru was aware of your devotion.
You were a five-headed hydra.
You visited 1 branch of the dungeon, and saw 9 of its levels.

You collected 335 gold pieces.

Inventory:

Missiles
 h - 5 throwing nets
 u - a curare-tipped dart
Armour
 n - a +2 cloak
 t - a +1 pair of gloves (melded)
Jewellery
 c - a ring of protection from fire (right foreclaw)
 e - a +6 ring of strength (left foreclaw)
 g - an amulet of magic regeneration
 q - an amulet of reflection (around neck)
Wands
 d - a wand of acid (6)
 f - a wand of digging (3)
 l - a wand of mindburst (10)
 r - a wand of iceblast (11)
Scrolls
 s - a scroll of fog
Potions
 a - a potion of ambrosia
 b - 2 potions of might
 i - 7 potions of curing
 j - 2 potions of attraction
 k - a potion of brilliance
 m - 2 potions of degeneration {unknown}
 o - a potion of mutation
 p - 2 potions of resistance


   Skills:
 + Level 6.7 Fighting
 + Level 5.8 Dodging
 * Level 9.3 Unarmed Combat
 + Level 5.9 Spellcasting
 * Level 9.0 Transmutations
 - Level 4.0 Ice Magic
 - Level 2.0 Poison Magic


You had 7 spell levels left.
You knew the following spells:

 Your Spells              Type           Power      Damage    Failure   Level
a - Beastly Appendage     Tmut           92%        N/A       1%          1
b - Spider Form           Tmut/Pois      15%        N/A       7%          3
c - Ice Form              Ice/Tmut       35%        N/A       13%         4
d - Hydra Form            Tmut           23%        N/A       13%         5

Your spell library contained the following spells:

 Spells                   Type           Power      Damage    Failure   Level
 Wereblood                Tmut           46%        N/A       1%          2
 Apportation              Tloc           12%        N/A       19%         1
 Corona                   Hex            6%         N/A       19%         1
 Magic Dart               Conj           24%        1d4       19%         1
 Searing Ray              Conj           12%        3d3       28%         2
 Petrify                  Tmut/Erth      26%        N/A       28%         4
 Confusing Touch          Hex            6%         N/A       45%         3
 Dazzling Flash           Conj/Hex       12%        N/A       45%         3
 Gell's Gravitas          Tloc           3%         N/A       45%         3
 Yara's Violent Unravell  Hex/Tmut       13%        3d7       58%         5
 Fulminant Prism          Conj/Hex       3%         3d6       85%         4
 Iskenderun's Mystic Bla  Conj/Tloc      6%         2d4       85%         4
 Metabolic Englaciation   Hex/Ice        7%         N/A       89%         5
 Animate Skeleton         Necr           Unusable   N/A       N/A         1
 Summon Small Mammal      Summ           Unusable   N/A       N/A         1

Dungeon Overview and Level Annotations

Branches:
Dungeon (9/15)             Temple (0/1) D:5
   Lair: D:8-11         Orc: D:9-12

Altars:
Ashenzari
Cheibriados
Elyvilon
Hepliaklqana
Kikubaaqudgha
Nemelex Xobeh
Ru
Sif Muna
Trog
Uskayaw
Wu Jian
Xom
The Shining One

Shops:
D:5 *

Annotations:
D:4 3 runed translucent doors, Lanoc's ghost, novice MfAr; kae's ghost, amateur OpTm; wakim's ghost, novice MiFi


Innate Abilities, Weirdness & Mutations

You are a five-headed hydra.
You swim very quickly.
You can devour living enemies to heal.
You are amphibious.
Your maximum health is greatly increased.
Your armour is entirely melded.
You are incapable of wielding weapons or throwing items.
((You can breathe blasts of scalding, opaque steam.))
((Your pale cyan-grey scales are hard. (AC +7)))
You cannot fit into any form of body armour.
((You are cold-blooded and may be slowed by cold attacks.))
You are hated by all.
((You are immune to the effects of steam.))
You possess an exceptional clarity of mind.
Your spells are a little harder to cast, but a little more powerful.


Message History

The howler monkey hits you.
You punch the howler monkey!
The howler monkey is severely wounded.
The howler monkey begins to attack, but is stunned by your conviction!
You hit the howler monkey but do no damage.
The howler monkey is severely wounded.
The howler monkey barely misses you.
You punch the howler monkey!
You kill the howler monkey!
Your Transmutations skill increases to level 9!
No target in view!
No target in view!
No target in view!
A centaur warrior comes into view.
A centaur warrior is nearby!
A centaur warrior is nearby!
A centaur warrior is nearby!
A centaur warrior is nearby!
Casting: Ice Form (dangerous; 13% risk of failure)
Confirm with . or Enter, or press ? or * to list all spells.
You turn into a five-headed hydra.
Your +1 pair of gloves melds into your body.
The centaur warrior wields a +0 shortbow.
The centaur warrior shoots an arrow.
The arrow barely misses you.
The centaur warrior shoots an arrow.
The arrow hits you!!
The centaur warrior shoots an arrow.
The arrow hits you!
The centaur warrior shoots an arrow.
You reflect the arrow off an invisible shield around you!
The arrow closely misses the centaur warrior.
The centaur warrior shoots an arrow.
The arrow hits you!
You are too injured to fight recklessly!
You are too injured to fight recklessly!
You are too injured to fight recklessly!
The centaur warrior shoots an arrow.
The arrow hits you!!
The centaur warrior shoots an arrow.
The arrow hits you!!
* * * LOW HITPOINT WARNING * * *
The centaur warrior shoots an arrow.
The arrow hits you!
* * * LOW HITPOINT WARNING * * *
The centaur warrior shoots an arrow.
The arrow hits you!!
You die...

. ........'.(....####..####
≈. #.#.....####.#.......#.##
≈..#.#.....##......#........
≈..........##.#.#....##...#.
...#...÷...##.#..#...##.....
#....÷c.....#..#...####..#
#._..8.._.###..#.†.# #.##
#.........###..#...# #.##
...........D.....#...# ....
####.........##..#...# #####
...................#####
........................#
....................#####
##.####.###.#..#...# .. #.
#.#......# #. #.#..#.#.#
#.#.##.#.#


You could see a centaur warrior.

Vanquished Creatures
  Harold (D:7)
  Pikel (D:5)
  A cyclops (D:9)
  Maggie (D:6)
  Grinder (D:3)
  Prince Ribbit (D:5)
  3 yaks (D:9)
  A wyvern (D:9)
  Edmund (D:6)
  Duvessa (D:6)
  4 water moccasins (D:7)
  5 orc warriors
  2 necrophages
  4 black bears
  2 ice beasts
  2 hornet zombies
  4 ogres
  A sky beast (D:5)
  A centaur (D:7)
  3 phantoms
  A kobold brigand (D:8)
  2 bullfrogs
  3 scorpions
  Dowan (D:6)
  A water moccasin skeleton (D:5)
  5 killer bees (D:7)
  4 howler monkeys
  A bullfrog zombie (D:7)
  3 centaur zombies
  3 jellies
  4 orc priests
  3 bullfrog skeletons
  4 hounds
  2 iguanas (D:6)
  11 orc wizards
  A hound skeleton (D:4)
  9 adders
  8 gnolls
  A howler monkey skeleton (D:7)
  3 white imps
  3 worms
  5 dart slugs
  28 orcs
  3 ball pythons
  8 endoplasms
  4 giant cockroaches
  3 goblins
  4 hobgoblins
  7 jackals
  15 kobolds
  A quokka (D:2)
  2 bats (D:1)
  4 frilled lizards
  7 rats
204 creatures vanquished.

Vanquished Creatures (others)
  A quokka (D:3)
1 creature vanquished.

Grand Total: 205 creatures vanquished

Notes
Turn   | Place    | Note
-------+----------+-------------------------------------------
     0 | D:1      | kae the Draconian Transmuter began the quest for the Orb.
     0 | D:1      | Reached XP level 1. HP: 16/16 MP: 3/3
   288 | D:1      | Reached XP level 2. HP: 19/23 MP: 3/5
   355 | D:1      | Found a faded altar of an unknown god.
  1504 | D:2      | Reached XP level 3. HP: 19/28 MP: 6/6
  1508 | D:2      | Learned a level 3 spell: Spider Form
  1984 | D:2      | Reached XP level 4. HP: 31/36 MP: 4/7
  2717 | D:3      | Reached skill level 1 in Poison Magic
  2793 | D:3      | Noticed a phantom
  2805 | D:3      | Noticed Grinder
  2874 | D:2      | Killed a phantom
  2875 | D:2      | Reached XP level 5. HP: 17/41 MP: 5/8
  3803 | D:3      | Found a glowing golden altar of the Shining One.
  4174 | D:4      | Found a sparkling altar of Nemelex Xobeh.
  4259 | D:4      | Found a runed translucent gate.
  4260 | D:4      | Found a runed translucent gate.
  4262 | D:4      | Found a runed translucent gate.
  4275 | D:4      | Noticed kae's ghost (amateur OpTm)
  4275 | D:4      | Noticed wakim's ghost (novice MiFi)
  4275 | D:4      | Noticed Lanoc's ghost (novice MfAr)
  4327 | D:4      | Noticed an ogre
  4337 | D:4      | Killed an ogre
  4338 | D:4      | Reached XP level 6. HP: 45/50 MP: 5/10
  4390 | D:4      | Learned a level 4 spell: Ice Form
  5028 | D:4      | Reached skill level 1 in Ice Magic
  5719 | D:5      | Entered Level 5 of the Dungeon
  5722 | D:5      | Noticed Pikel
  5730 | D:5      | Killed Pikel
  5731 | D:5      | Reached skill level 5 in Unarmed Combat
  5731 | D:5      | Your scales start taking on a pale cyan-grey colour.
  5731 | D:5      | Reached XP level 7. HP: 16/57 MP: 9/12
  5731 | D:5      | Gained mutation: You are immune to the effects of steam.
                  | [Pale Draconian growth]
  5998 | D:5      | Reached XP level 8. HP: 53/63 MP: 13/13
  6449 | D:5      | Found a staircase to the Ecumenical Temple.
  6511 | D:5      | Reached skill level 5 in Transmutations
  6714 | D:5      | Found a hide-covered altar of Uskayaw.
  6714 | D:5      | Found a hazy altar of Hepliaklqana.
  6721 | D:5      | Found a shimmering altar of Xom.
  6723 | D:5      | Found a shimmering blue altar of Sif Muna.
  6725 | D:5      | Found a sacrificial altar of Ru.
  6872 | D:5      | Became a worshipper of Ru the Awakened
  7284 | D:5      | Found Owelikad's Mayhem Merchandise.
  7332 | D:5      | Found a broken altar of Ashenzari.
  7691 | D:3      | Killed Grinder
  7819 | D:3      | Gained mutation: You possess an exceptional clarity of
                  | mind. [potion of mutation]
  7819 | D:3      | Gained mutation: Your spells are a little harder to cast,
                  | but a little more powerful. [potion of mutation]
  8033 | D:5      | Reached XP level 9. HP: 72/72 MP: 15/15
  8283 | D:6      | Found a white marble altar of Elyvilon.
  8288 | D:6      | Noticed Duvessa
  8301 | D:6      | Killed Duvessa
  8302 | D:6      | Noticed Dowan
  8307 | D:6      | Killed Dowan
  8309 | D:6      | Noticed Maggie
  8519 | D:6      | Noticed Prince Ribbit
  8537 | D:5      | Killed Prince Ribbit
  8714 | D:6      | Reached skill level 5 in Fighting
  8946 | D:6      | Noticed Edmund
  8971 | D:6      | Killed Maggie
  9118 | D:6      | Killed Edmund
  9296 | D:7      | Gained mutation: You are hated by all. [Ru sacrifice]
  9296 | D:7      | Reached * piety under Ru
  9521 | D:7      | Reached skill level 5 in Spellcasting
  9535 | D:7      | Reached XP level 10. HP: 43/82 MP: 17/17
  9972 | D:7      | Reached skill level 5 in Dodging
 10407 | D:7      | Noticed Harold
 10422 | D:7      | Killed Harold
 11083 | D:7      | Found a bloodstained altar of Trog.
 11311 | D:7      | Found a bloodstained altar of Trog.
 11809 | D:8      | Learned a level 5 spell: Hydra Form
 12265 | D:8      | Found an ornate altar of the Wu Jian Council.
 12542 | D:9      | Noticed a cyclops
 12550 | D:9      | Killed a cyclops
 12735 | D:9      | Found a snail-covered altar of Cheibriados.
 12738 | D:9      | Found an ancient bone altar of Kikubaaqudgha.
 12987 | D:9      | Noticed a centaur warrior
 12993 | D:9      | Shot with an arrow by a centaur warrior

Illustrated notes

Levels and vault maps discovered:
D:1:      eino_arrival_cavern_b, layout_loops_corners, basic_ecumenical_altar,
          serial_forest, infiniplex_forest_end_3,
          infiniplex_forest_lined_corner, infiniplex_forest_clump_long,
          infiniplex_forest_corner_1, infiniplex_forest_diagonal,
          infiniplex_forest_straight_2, infiniplex_forest_straight_2,
          minmay_statues_item
D:2:      layout_loops_cross, st_stairs_14
D:3:      layout_loops_cross, tso_oasis_becter, roderic_roman_lattice,
          lemuel_flame_loot_1, uniq_grinder
D:4:      layout_cave_pods, overflow_temple_1_default, gammafunk_ghost_cemetery
D:5:      layout_loops_ring, nicolae_overflow_crystal_walls,
          chequers_temple_overflow_minitemple,
          minmay_temple_entry_enclosed_plants, minmay_shop_mayhem, uniq_pikel
D:6:      layout_rooms, overflow_temple_1_default, uniq_prince_ribbit1,
          uniq_edmund, uniq_maggie, uniq_duvessa
D:7:      minmay_s_stair_smasher, layout_rooms, trog_antimagical, uniq_harold
D:8:      layout_basic, general_overflow_altar
D:9:      minmay_sliced_demisemicircle, layout_basic,
          grunt_temple_overflow_open, minmay_misc_feat_iff

Skill      XL: |  1  2  3  4  5  6  7  8  9 10 |
---------------+-------------------------------+-----
Dodging        | 2 3 4 5 |  5.8
Poison Magic   | 1 2 |  2.0
Fighting       | 2 3 4 5 6 |  6.7
Unarmed Combat | 4 5 6 7 9 |  9.3
Transmutations | 3 4 6 7 9 |  9.0
Ice Magic      | 2 4 |  4.0
Spellcasting   | 3 4 5 |  5.9

Action                   |  1- 3 |  4- 6 |  7- 9 | 10-12 || total
-------------------------+-------+-------+-------+-------++-------
Melee: Unarmed           |    82 |   165 |   194 |   167 ||   608
       Headbutt          |     6 |     5 |       |       ||    11
       Tailslap          |     5 |     4 |     1 |       ||    10
       Kick              |     1 |     8 |       |       ||     9
       Punch             |       |     2 |       |     1 ||     3
 Cast: Beastly Appendage |    23 |    17 |       |       ||    40
       Spider Form       |     1 |    13 |    11 |     1 ||    26
       Ice Form          |       |       |    15 |    15 ||    30
       Hydra Form        |       |       |       |     2 ||     2
Invok: Sacrifice Love    |       |       |     1 |       ||     1
  Use: Scroll            |       |     6 |     7 |       ||    13
       Potion            |       |     2 |    10 |       ||    12
 Stab: Sleeping          |     1 |       |     1 |       ||     2
       Distracted        |       |       |     1 |       ||     1
Armor: Skin              |    20 |    24 |    55 |    42 ||   141
Dodge: Dodged            |    44 |   114 |   140 |    65 ||   363
Block: Other             |       |       |       |    11 ||    11
       Reflection        |       |       |       |     2 ||     2

Table legend: (Time is in decaauts)
 A = Elapsed time spent in this place.
 B = Non-inter-level travel time spent in this place.
 C = Inter-level travel time spent in this place.
 D = Time resting spent in this place.
 E = Time spent auto-exploring this place.
 F = Levels seen in this place.
 G = Mean time per level.
                   A        B        C        D        E       F      G
               +--------+--------+--------+--------+--------+-----+--------+
         Total |  12937 |  12353 |    584 |   1602 |   9096 |   9 | 1437.4 |
       Dungeon |  12937 |  12353 |    584 |   1602 |   9096 |   9 | 1437.4 |
               +--------+--------+--------+--------+--------+-----+--------+

Top non-repeatable levels by time:
     D:7: 2377 daAuts
     D:4: 2016 daAuts
     D:5: 1918 daAuts
     D:3: 1697 daAuts
     D:2: 1530 daAuts
     D:1: 1372 daAuts
     D:8: 848 daAuts
     D:6: 730 daAuts
     D:9: 446 daAuts
